 Dungeon Crawl Stone Soup version 0.25.0-8-gfd19cd77bd (webtiles) character file.

Game seed: 7827184234689167710

3658 Buyout the Magician (level 10, -6/69 HPs)
             Began as a Human Ice Elementalist on June 16, 2020.
             Was a Believer of Vehumet.
             Killed from afar by an electric eel (13 damage)
             ... with a bolt of electricity
             ... on level 8 of the Dungeon.
             The game lasted 01:00:15 (8253 turns).

Buyout the Magician (Human Ice Elementalist)        Turns: 8253, Time: 01:00:16

Health: -6/69      AC:  3    Str: 11    XL:     10   Next: 34%
Magic:  7/21       EV: 15    Int: 17    God:    Vehumet [**....]
Gold:   273        SH:  0    Dex: 13    Spells: 8/24 levels left

rFire    + . .     SeeInvis .   s - staff of poison
rCold    . . .     Gourm    .   (no shield)
rNeg     . . .     Faith    .   C - +1 robe {rF+}
rPois    +         Spirit   .   (helmet restricted)
rElec    .         Reflect  .   (no cloak)
rCorr    .         Harm     .   (no gloves)
MR       +....                  (no boots)
Stlth    ++........             (no amulet)
HPRegen  0.21/turn              z - ring of wizardry
MPRegen  0.17/turn              K - ring of protection from magic

@: lethally poisoned (-6 -> -12)
A: antennae 1, mutation resistance 1, robust 1
a: Renounce Religion


You were on level 8 of the Dungeon.
You worshipped Vehumet.
Vehumet was pleased with you.
You were not hungry.

You visited 2 branches of the dungeon, and saw 9 of its levels.

You collected 559 gold pieces.
You spent 286 gold pieces at shops.

Inventory:

Hand Weapons
 f - a +3 dagger of flaming
 g - a +0 whip
 G - a +5 dire flail of protection
 I - a +5 scimitar of freezing
Missiles
 d - 135 bolts
 l - 8 javelins (quivered)
 o - 23 arrows
 r - 64 stones
 u - 41 sling bullets
 v - 54 poisoned darts
 y - 6 boomerangs
Armour
 i - a +1 leather armour
 q - a +0 helmet
 C - a +1 robe of fire resistance (worn)
 F - a cursed +0 scale mail
 H - a +0 robe
 J - a +0 robe of magic resistance
Magical Staves
 s - an uncursed staff of poison (weapon)
Jewellery
 z - a ring of wizardry (left hand)
 K - a ring of protection from magic (right hand)
Wands
 m - a wand of digging (6)
 w - a wand of flame (36)
 D - a wand of polymorph (6)
Scrolls
 a - 2 scrolls of amnesia {unknown}
 h - 6 scrolls of remove curse
 j - a scroll of teleportation
 n - 3 scrolls of enchant armour
 p - a scroll of fog
 x - 7 scrolls of identify
 A - 2 scrolls of immolation {unknown}
Potions
 b - a potion of cancellation {unknown}
 e - 2 potions of stabbing {unknown}
 k - 2 potions of curing
 B - a potion of berserk rage {unknown}
 E - a potion of invisibility
Comestibles
 c - 17 rations


   Skills:
 - Level 0.1 Fighting
 + Level 0.3 Short Blades
 * Level 4.8 Staves
 + Level 1.3 Throwing
 - Level 1.0 Armour
 * Level 5.9 Dodging
 + Level 2.7 Stealth
 + Level 7.8 Spellcasting
 + Level 2.1 Conjurations
 + Level 1.2 Summonings
 + Level 7.5 Ice Magic
 + Level 4.0 Earth Magic
 + Level 0.7 Evocations


You had 8 spell levels left.
You knew the following spells:

 Your Spells              Type           Power        Failure   Level  Hunger
a - Freeze                Ice            ####         1%          1    None
b - Sandblast             Erth           ###...       1%          1    None
c - Frozen Ramparts       Ice            ####..       1%          3    #......
d - Hailstorm             Conj/Ice       ###.....     6%          4    ###....
e - Summon Ice Beast      Ice/Summ       ###.....     8%          4    ###....
f - Magic Dart            Conj           ##..         1%          1    None
g - Searing Ray           Conj           ##....       2%          2    None

Your spell library contained the following spells:

 Spells                   Type           Power        Failure   Level  Hunger
 Ozocubu's Armour         Chrm/Ice       ###.....     2%          3    #......
 Beastly Appendage        Tmut           #.....       4%          1    None
 Sticks to Snakes         Tmut           #.......     6%          2    None
 Dazzling Flash           Conj/Hex       ##....       9%          3    #......
 Ice Form                 Ice/Tmut       ###.....     9%          4    ###....
 Spider Form              Tmut/Pois      #.........   13%         3    #......
 Fulminant Prism          Conj/Hex       ##........   26%         4    ###....
 Iskenderun's Mystic Bla  Conj/Tloc      ##......     26%         4    ###....
 Blade Hands              Tmut           #.........   71%         5    #####..


Dungeon Overview and Level Annotations

Branches:
Dungeon (8/15)             Temple (1/1) D:7
   Lair: D:8-11

Altars:
Ashenzari
Cheibriados
Dithmenos
Elyvilon
Fedhas
Gozag
Hepliaklqana
Kikubaaqudgha
Makhleb
Nemelex Xobeh
Okawaru
Qazlal
Ru
Sif Muna
Trog
Uskayaw
Vehumet
Xom
Yredelemnul
Zin
The Shining One
Jiyva

Shops:
D:5 ?[!}!


Innate Abilities, Weirdness & Mutations

You have a pair of small antennae on your head.
You are somewhat resistant to further mutation.
You are robust. (+10% HP)


Message History

Things that are here:
a +0 flail; a gnoll corpse An electric eel comes into view.
The frozen ramparts melt away.
An electric eel comes into view.
You see here 14 gold pieces.
An electric eel comes into view.
The killer bee buzzes angrily.
You hear an angry buzzing noise.
The electric eel shoots out a bolt of lightning at you!
The bolt of electricity hits the plant.
The bolt of electricity hits you!
* * * LOW HITPOINT WARNING * * *
The killer bee stings you.
* * * LOW HITPOINT WARNING * * *
The killer bee stings you!
* * * LOW HITPOINT WARNING * * *
You are poisoned.
The killer bee poisons you!
The electric eel shoots out a bolt of lightning at you!
The bolt of electricity hits you!
You die...

...#....#..
...P≈≈≈.............=†..
..≈≈≈≈...............###
..≈P≈≈.≈............##
..≈≈≈≈≈≈...........#
..≈;≈≈≈.........#.#
.≈.≈≈≈≈≈...........
...≈;≈≈P≈y.........
....≈;≈≈≈.@# ...
...≈.≈≈≈≈≈Py#
.....P≈≈≈≈P≈Y#
........≈≈≈≈P≈P.#
......P.≈≈≈≈.≈..#
#.....≈≈P≈≈P..$.#
#...≈.≈≈≈≈P.≈...#
#...≈≈≈≈≈≈≈g...###
##≈≈≈≈≈≈≈≈........


You could see 2 killer bees, 3 electric eels, a gnoll and a friendly ice beast
(summoned).

Vanquished Creatures
  A two-headed ogre (D:8)
  Pikel (D:7)
  Grinder (D:6)
  A hungry ghost (D:7)
  Edmund (D:6)
  A water moccasin (D:6)
  2 phantoms
  2 slaves (D:7)
  A necrophage (D:6)
  3 ogres
  A crocodile (D:6)
  Blork the orc (D:6)
  4 bullfrogs
  4 scorpions
  A killer bee (D:8)
  5 wights (D:7)
  A howler monkey (D:5)
  2 crimson imps (D:5)
  3 hounds
  2 orc priests
  2 orc wizards (D:4)
  2 iguanas
  4 worker ants
  A hound skeleton (D:6)
  5 gnolls
  13 adders
  2 adder zombies
  2 adder skeletons
  2 worms (D:4)
  2 dart slugs
  3 leopard geckos (D:2)
  9 orcs
  6 giant cockroaches
  7 goblins
  9 hobgoblins
  5 jackals
  A quokka (D:2)
  A ball python (D:5)
  5 bats
  3 frilled lizards
  A jackal skeleton (D:6)
  9 kobolds
  A leopard gecko zombie (D:5)
  2 quokka skeletons (D:6)
  7 rats
142 creatures vanquished.

Vanquished Creatures (collateral kills)
  A howler monkey (D:6)
  A leopard gecko (D:8)
2 creatures vanquished.

Grand Total: 144 creatures vanquished

Notes
Turn   | Place    | Note
-------+----------+-------------------------------------------
     0 | D:1      | Buyout the Human Ice Elementalist began the quest for the
                  | Orb.
     0 | D:1      | Reached XP level 1. HP: 13/13 MP: 3/3
   354 | D:1      | Reached XP level 2. HP: 19/19 MP: 0/5
   878 | D:2      | Reached XP level 3. HP: 24/24 MP: 2/6
   954 | D:2      | Reached XP level 4. HP: 28/30 MP: 3/8
  1021 | D:2      | Found a radiant altar of Vehumet.
  1025 | D:2      | Became a worshipper of Vehumet
  2089 | D:3      | Reached XP level 5. HP: 31/35 MP: 5/9
  2104 | D:3      | Reached skill level 5 in Ice Magic
  2134 | D:3      | Gained mutation: You are robust. (+10% HP) [potion of
                  | mutation]
  2134 | D:3      | Gained mutation: You have a pair of small antennae on your
                  | head. [potion of mutation]
  2134 | D:3      | Gained mutation: You are somewhat resistant to further
                  | mutation. [potion of mutation]
  2329 | D:3      | Reached * piety under Vehumet
  2329 | D:3      | Offered knowledge of Sandblast by Vehumet.
  2333 | D:3      | Learned a level 1 spell: Sandblast
  2496 | D:3      | Found a white marble altar of Elyvilon.
  2497 | D:3      | Found a glowing golden altar of the Shining One.
  2497 | D:3      | Found a shattered altar of Ashenzari.
  2498 | D:3      | Found a sparkling altar of Nemelex Xobeh.
  2918 | D:3      | Noticed an ogre
  2959 | D:3      | Killed an ogre
  2959 | D:3      | Reached XP level 6. HP: 19/45 MP: 7/12
  3183 | D:3      | Found a blossoming altar of Fedhas.
  3413 | D:4      | Found a bloodstained altar of Trog.
  3679 | D:4      | Learned a level 3 spell: Frozen Ramparts
  3692 | D:4      | Reached skill level 1 in Armour
  3712 | D:5      | Entered Level 5 of the Dungeon
  3712 | D:5      | Found Ezaoru's Gadget Emporium.
  3712 | D:5      | Noticed a phantom
  3720 | D:5      | Reached XP level 7. HP: 44/50 MP: 6/13
  3880 | D:4      | Found a basalt altar of Yredelemnul.
  3961 | D:5      | Reached skill level 1 in Earth Magic
  4695 | D:5      | Bought a wand of flame (24) for 143 gold pieces
  4752 | D:5      | Reached skill level 1 in Staves
  4890 | D:5      | Learned a level 4 spell: Hailstorm
  4956 | D:5      | Found Obrikk's Distillery.
  4957 | D:5      | Found Ereyn's Distillery.
  4983 | D:5      | Bought a potion of curing for 39 gold pieces
  4983 | D:5      | Bought a potion of curing for 39 gold pieces
  4983 | D:5      | Bought a potion of heal wounds for 65 gold pieces
  5027 | D:5      | Reached XP level 8. HP: 57/57 MP: 7/15
  5064 | D:5      | Found Harona's Armour Shop.
  5171 | D:5      | Found a blossoming altar of Fedhas.
  5195 | D:5      | Reached skill level 5 in Spellcasting
  5227 | D:5      | Learned a level 4 spell: Summon Ice Beast
  5253 | D:5      | Offered knowledge of Magic Dart by Vehumet.
  5258 | D:5      | Learned a level 1 spell: Magic Dart
  5261 | D:5      | Found Wegurgho's Magic Scroll Emporium.
  5576 | D:6      | Reached ** piety under Vehumet
  5798 | D:6      | Noticed Grinder
  5807 | D:6      | Paralysed by Grinder for 3 turns
  5815 | D:6      | Killed Grinder
  5815 | D:6      | Reached skill level 1 in Throwing
  6011 | D:6      | Reached XP level 9. HP: 61/62 MP: 14/17
  6302 | D:6      | Noticed Blork the orc
  6308 | D:6      | Killed Blork the orc
  6433 | D:6      | Reached skill level 5 in Dodging
  6487 | D:6      | Found a stormy altar of Qazlal.
  6595 | D:6      | Noticed Edmund
  6604 | D:6      | Killed Edmund
  6982 | D:7      | Found an iron altar of Okawaru.
  7137 | D:7      | Noticed Pikel
  7147 | D:7      | Killed Pikel
  7359 | D:7      | Found a burning altar of Makhleb.
  7400 | D:7      | Learned a level 2 spell: Searing Ray
  7566 | D:7      | Reached skill level 1 in Conjurations
  7569 | D:7      | Reached XP level 10. HP: 67/69 MP: 7/20
  7728 | D:7      | Found a staircase to the Ecumenical Temple.
  7749 | Temple   | Entered the Ecumenical Temple
  8089 | D:8      | Noticed a two-headed ogre
  8116 | D:8      | Killed a two-headed ogre
  8116 | D:8      | Reached skill level 1 in Summonings
  8253 | D:8      | Killed from afar by an electric eel

Illustrated notes

Levels and vault maps discovered:
D:1:      evilmike_arrival_fibonacci_small, layout_basic
D:2:      layout_basic, vehumet_crystals
D:3:      layout_rooms, chequers_temple_overflow_statue_of_worship,
          fedhas_ov_isle_minmay
D:4:      layout_basic, kennysheep_mini_moat, kennysheep_little_box,
          minmay_increasing_density
D:5:      layout_rooms, kennysheep_mini, serial_shops, nicolae_shop_trees, shop,
          shop, nicolae_shop_temple_entry_statues_fountains, shop, first_ration,
          gup_sewer_entry_glass, kennysheep_generic_room_5
D:6:      layout_loops_ring, grunt_qazlal_clouds, uniq_blork_the_orc,
          uniq_grinder, uniq_edmund
D:7:      layout_basic, lemuel_round_altar, minmay_temple_entry_large_hall,
          enter_bailey_2, basic_altar, minivault_4, uniq_pikel
D:8:      layout_layer_cave, lemuel_crystal_altar, chequers_big_river,
          david_nohive_1, dk_vineyard_2
Temple:   pf_slimified_temple

Skill      XL: |  1  2  3  4  5  6  7  8  9 10 |
---------------+-------------------------------+-----
Spellcasting   | 3 4 5 7 |  7.8
Ice Magic      | 5 6 7 |  7.5
Dodging        | 3 4 5 |  5.9
Armour         | 1 |  1.0
Earth Magic    | 1 2 3 4 |  4.0
Staves         | 1 2 4 |  4.8
Throwing       | 1 |  1.3
Conjurations   | 1 2 |  2.1
Summonings     | 1 |  1.2
Fighting       | |  0.1
Short Blades   | |  0.3
Stealth        | |  2.7
Evocations     | |  0.7

Action                   |  1- 3 |  4- 6 |  7- 9 | 10-12 || total
-------------------------+-------+-------+-------+-------++-------
Melee: Unarmed           |     2 |       |       |       ||     2
       Dagger            |     4 |    21 |       |       ||    25
       Staff             |       |       |    33 |     5 ||    38
Throw: Javelin           |       |     3 |    25 |     1 ||    29
 Cast: Freeze            |    20 |   100 |   100 |    16 ||   236
       Sandblast         |       |    21 |    55 |    12 ||    88
       Frozen Ramparts   |       |     1 |     8 |     2 ||    11
       Magic Dart        |       |       |    37 |     4 ||    41
       Hailstorm         |       |       |     8 |     1 ||     9
       Summon Ice Beast  |       |       |     2 |     4 ||     6
       Searing Ray       |       |       |     5 |     1 ||     6
Evoke: Wand              |       |       |     9 |       ||     9
  Use: Potion            |       |     5 |     1 |     2 ||     8
       Scroll            |       |     8 |     4 |     1 ||    13
  Eat: Ration            |       |     3 |     4 |     1 ||     8
       Chunk             |       |     1 |       |       ||     1
Armor: Leather armour    |     3 |    17 |    10 |       ||    30
       Robe              |       |       |    12 |     5 ||    17
Dodge: Dodged            |    16 |    74 |    81 |    58 ||   229
